 Dungeon Crawl Stone Soup version 0.28-a0-1510-gd0f6b136d3 (webtiles) character file.

Game seed: 4570708206565835940

149 gruber the Chopper (level 5, -1/45 HPs)
             Began as a Hill Orc Fighter on Jan 14, 2022.
             Slain by an orc warrior (21 damage)
             ... on level 4 of the Dungeon.
             The game lasted 00:02:44 (2673 turns).

gruber the Chopper (Hill Orc Fighter)               Turns: 2673, Time: 00:02:44

Health: -1/45      AC:  8    Str: 21    XL:     5   Next: 31%
Magic:  5/5        EV:  8    Int:  8    God:
Gold:   174        SH: 13    Dex: 10    Spells: 4/4 levels left

rFire   . . .      SeeInvis .   a - +0 war axe
rCold   . . .      Faith    .   f - +0 kite shield
rNeg    . . .      Spirit   .   b - +0 scale mail
rPois   .          Reflect  +   (no helmet)
rElec   .          Harm     .   m - +0 cloak
rCorr   .          Rampage  .   (no gloves)
Will    .....                   (no boots)
Stlth   ..........              g - amulet of reflection
HPRegen 0.15/turn               (no ring)
MPRegen 0.09/turn               (no ring)

@: no status effects
A: no striking features
a: no special abilities


You were on level 4 of the Dungeon.
You visited 1 branch of the dungeon, and saw 4 of its levels.

You collected 174 gold pieces.

Inventory:

Hand Weapons
 a - a +0 war axe (weapon)
Armour
 b - a +0 scale mail (worn)
 f - a +0 kite shield (worn)
 m - a +0 cloak (worn)
Jewellery
 g - an amulet of reflection (around neck)
Scrolls
 c - a scroll of noise {unknown}
 e - 2 scrolls of enchant weapon {unknown}
 i - 2 scrolls of identify {unknown}
 j - 2 scrolls of teleportation {unknown}
 k - a scroll of amnesia {unknown}
 n - a scroll of immolation {unknown}
Potions
 d - a potion of might
 h - 2 potions of curing {unknown}
 l - a potion of attraction {unknown}


   Skills:
 + Level 3.6 Fighting
 - Level 7.1 Axes
 + Level 3.2 Armour
 + Level 3.2 Shields


You had 4 spell levels left.
You didn't know any spells.
Your spell library was empty.

Dungeon Overview and Level Annotations

Branches:
Dungeon (4/15)
 Temple: D:4-7

Altars:
Okawaru

Annotations:
D:4 3 runed translucent doors


Message History

You kill the jackal!
The jackal barely misses you.
You hit the jackal.
The jackal is heavily wounded.
The jackal closely misses you.
The jackal bites you but does no damage.
A jackal is nearby!
A jackal is nearby!
Unknown command.
You hit the jackal.
You kill the jackal!
No target in view!
No target in view!
An orc priest comes into view. It is wielding a +0 flail.
The orc priest threatens, "By the altar or by the axe, you will meet Beogh!" (press Y on the ability menu to convert to Beogh)
The orc priest shouts!
You hear a shout! x2
The orc priest looks satisfied for a moment.
You hear a shout!
You start waiting.
An orc priest is nearby!
You slash the orc priest!
You kill the orc priest!
Your Axes skill increases to level 7!
No target in view!
No target in view!
An orc warrior comes into view. It is wielding a +0 battleaxe.
The orc warrior shouts!
You hear a shout!
You see here a +0 flail.
Okay, then.
You barely miss the orc warrior. You block the orc warrior's attack.
The orc warrior barely misses you.
You barely miss the orc warrior.
The orc warrior hits you with a +0 battleaxe!!
You closely miss the orc warrior.
The orc warrior hits you with a +0 battleaxe.
You hit the orc warrior.
The orc warrior is lightly wounded.
The orc warrior hits you with a +0 battleaxe!!
You die...

... #####.###
....##.......#
.............# #### #
#####.......# #...
####.##.###.......###...
........#...............
.....##)#.#.......###...
... #o#.#.......# #... .
#@#.#.......# #...
#...######### #... #####
#... #... .#######...
........... ...........
........... .#######...


You could see an orc warrior.

Vanquished Creatures
  An orc priest (D:4)
  3 gnolls (D:3)
  2 adders
  3 worms (D:2)
  3 dart slugs
  3 bats
  3 endoplasms
  2 giant cockroaches
  6 goblins
  3 hobgoblins (D:1)
  8 jackals
  3 quokkas (D:1)
  7 ball pythons
  2 frilled lizards
  A jackal skeleton (D:4)
  5 kobolds
  A rat (D:3)
56 creatures vanquished.

Notes
Turn   | Place    | Note
-------+----------+-------------------------------------------
     0 | D:1      | gruber the Hill Orc Fighter began the quest for the Orb.
     0 | D:1      | Reached XP level 1. HP: 19/19 MP: 1/1
     0 | D:1      | Noticed a merfolk zombie
     5 | D:1      | Noticed an elf
    13 | D:1      | Noticed a gargoyle
    17 | D:1      | Noticed a demigod
    33 | D:1      | Reached skill level 3 in Axes
   217 | D:1      | Reached XP level 2. HP: 23/26 MP: 2/2
   318 | D:1      | Reached skill level 4 in Axes
   546 | D:1      | Reached XP level 3. HP: 28/31 MP: 3/3
  1016 | D:2      | Reached skill level 5 in Axes
  1190 | D:2      | Found a faded altar of an unknown god.
  1461 | D:2      | Reached XP level 4. HP: 39/39 MP: 4/4
  1540 | D:2      | Found an iron altar of Okawaru.
  2002 | D:3      | Reached skill level 6 in Axes
  2326 | D:3      | Reached XP level 5. HP: 45/45 MP: 5/5
  2601 | D:4      | Found a runed translucent gate.
  2601 | D:4      | Found a runed translucent gate.
  2601 | D:4      | Found a runed translucent gate.
  2666 | D:4      | Reached skill level 7 in Axes
  2666 | D:4      | Noticed an orc warrior
  2673 | D:4      | Slain by an orc warrior

Illustrated notes

Levels and vault maps discovered:
D:1:      shiori_arrival_whats_in_store_for_you, layout_loops_ring,
          minmay_misc_feat_four_crosses, grunt_decor_fettered
D:2:      layout_loops_corners, basic_altar,
          dreamdust_ecumenical_altar_hidden_monk_grotto
D:3:      layout_rooms
D:4:      cheibrodos_thug_alley, layout_basic, nicolae_yredelemnul_corpse_copse,
          gammafunk_ghost_icy, st_stairs_12, uniq_robin

Skill      XL: |  1  2  3  4  5 |
---------------+----------------+-----
Axes           | 3 4 5 6 7 |  7.1
Fighting       | |  3.6
Armour         | |  3.2
Shields        | |  3.2

Action                   |  1- 3 |  4- 6 || total
-------------------------+-------+-------++-------
Melee: War axe           |    79 |    59 ||   138
Armor: Scale mail        |    27 |    14 ||    41
Dodge: Dodged            |    28 |    20 ||    48
Block: Buckler           |     3 |       ||     3
       Kite shield       |    32 |    35 ||    67
       Reflection        |     3 |     2 ||     5

Table legend: (Time is in decaauts)
 A = Elapsed time spent in this place.
 B = Non-inter-level travel time spent in this place.
 C = Inter-level travel time spent in this place.
 D = Time resting spent in this place.
 E = Time spent auto-exploring this place.
 F = Levels seen in this place.
 G = Mean time per level.
                   A        B        C        D        E       F      G
               +--------+--------+--------+--------+--------+-----+--------+
         Total |   2726 |   2621 |    105 |      5 |   2224 |   4 |  681.5 |
       Dungeon |   2726 |   2621 |    105 |      5 |   2224 |   4 |  681.5 |
               +--------+--------+--------+--------+--------+-----+--------+

Top non-repeatable levels by time:
     D:1: 977 daAuts
     D:2: 946 daAuts
     D:3: 621 daAuts
     D:4: 180 daAuts
